 Dungeon Crawl Stone Soup version 0.28-a0-1038-g9c4cb8273d (webtiles) character file.

Game seed: 12484575454805043207

0 porpoise the Insei (level 1, -1/13 HPs)
             Began as an Octopode Transmuter on Dec 9, 2021.
             Slain by a goblin (4 damage)
             ... led by Robin
             ... on level 1 of the Dungeon.
             The game lasted 00:00:57 (104 turns).

porpoise the Insei (Octopode Transmuter)             Turns: 104, Time: 00:01:00

Health: -1/13      AC:  1    Str:  9    XL:     1   Next: 10%
Magic:  3/3        EV: 13    Int: 15    God:
Gold:   19         SH:  0    Dex: 12    Spells: 3/4 levels left

rFire   . . .      SeeInvis .     - Unarmed
rCold   . . .      Faith    .   (no shield)
rNeg    . . .      Spirit   .   (helmet restricted)
rPois   .          Reflect  .   (no amulet)
rElec   .          Harm     .   (no ring)
rCorr   .          Rampage  .   (no ring)
Will    .....                   (no ring)
Stlth   ++........              (no ring)
HPRegen 0.04/turn               (no ring)
MPRegen 0.08/turn               (no ring)
                                (no ring)
                                (no ring)

@: no status effects
A: almost no armour, amphibious, 8 rings, camouflage 1, gelatinous body 1,
(nimble swimmer 1), tentacles
a: no special abilities


You were on level 1 of the Dungeon.
You visited 1 branch of the dungeon, and saw 2 of its levels.

You collected 19 gold pieces.

Inventory:

Hand Weapons
 b - a +0 hunting sling
Missiles
 a - 21 arrows


   Skills:
 * Level 1.0 Fighting
 - Level 2.0 Dodging
 + Level 3.0 Unarmed Combat
 - Level 2.0 Spellcasting
 + Level 2.0 Transmutations


You had 3 spell levels left.
You knew the following spells:

 Your Spells              Type           Power      Damage    Failure   Level
a - Beastly Appendage     Tmut           14%        N/A       10%         1

Your spell library contained the following spells:

 Spells                   Type           Power      Damage    Failure   Level
 Wereblood                Tmut           7%         N/A       14%         2
 Spider Form              Tmut/Pois      4%         N/A       41%         3
 Ice Form                 Ice/Tmut       4%         N/A       82%         4


Dungeon Overview and Level Annotations

Branches:
Dungeon (2/15)

Altars:
Okawaru

Annotations:
D:2 Robin


Innate Abilities, Weirdness & Mutations

You cannot wear most types of armour.
You are amphibious.
You can wear up to eight rings at the same time.
Your skin changes colour to match your surroundings (Stealth+).
Your rubbery body absorbs attacks. (AC +1, EV +1)
((You are camouflaged near water. (Stealth+)))
You have tentacles for arms and can constrict up to eight enemies at once.


Message History

A ball python comes into view.
Found a hunting sling and a club.
Found a stone staircase leading up.
Your transformation is almost over.
The helpless ball python fails to defend itself.
You tentacle-slap the ball python.
You kill the ball python!
You see here a +0 club.
You see here a +0 hunting sling.
b - a +0 hunting sling Your tentacle spike disappears.
Found 10 gold pieces. 2 goblins and a hobgoblin come into view.
The goblin shouts!
You hear a shout!
A goblin comes into view. It is wielding a +0 dagger.
A hobgoblin comes into view. x2
The goblin moves out of view.
You hear a shout! x2; The goblin shouts!
A bat, 4 goblins and Robin come into view.
Found an iron altar of Okawaru.
The goblin shouts! x3
A goblin comes into view. It is wielding a +0 club.
Robin shouts!
A goblin comes into view. It is wielding a +0 dagger.
The bat misses you.
The goblin shouts!
The hobgoblin shouts!
Robin's bangles clink loudly.
Robin throws the goblin at you! The bat closely misses you.
There is a stone staircase leading up here.
The bat hits you. x2; The goblin hits you with a +0 dagger.
The goblin barely misses you. The goblin hits you but does no damage.
You climb upwards.
Found a book of Necromancy.
There is a stone staircase leading down here.
You miss the bat. You grab the bat. You constrict the bat.
The bat completely misses you.
The bat struggles to escape constriction.
The goblin hits you with a +0 dagger.
* * * LOW HITPOINT WARNING * * *
The goblin barely misses you. The goblin hits you with a +0 club.
You die...

#.# ...
.##..#..#
........#
....#.#
....:.
#...#
#gb# #g@#
##g# #.#
#.# #.#
#.# #.#
#.#


You could see 3 goblins and a bat.

Vanquished Creatures
  A ball python (D:2)
1 creature vanquished.

Notes
Turn   | Place    | Note
-------+----------+-------------------------------------------
     0 | D:1      | porpoise the Octopode Transmuter began the quest for the
                  | Orb.
     0 | D:1      | Reached XP level 1. HP: 13/13 MP: 3/3
    84 | D:1      | You fall into a shaft and drop 1 floor!
    99 | D:2      | Found an iron altar of Okawaru.
    99 | D:2      | Noticed Robin
   104 | D:1      | Slain by a goblin

Illustrated notes

Levels and vault maps discovered:
D:1:      dpeg_arrival_concentric_ovals, layout_basic, minmay_strange_pillars,
          chequers_serial_rivers_micro_e, minmay_surrounded
D:2:      layout_loops_ring, basic_ecumenical_altar, basic_altar, uniq_terence,
          uniq_robin, uniq_crazy_yiuf_cottage

Action                   || total
-------------------------++-------
Melee: Unarmed           ||     2
       Constrict         ||     1
 Cast: Beastly Appendage ||     1
 Stab: Sleeping          ||     1
Armor: Skin              ||     1
Dodge: Dodged            ||     5

Table legend: (Time is in decaauts)
 A = Elapsed time spent in this place.
 B = Non-inter-level travel time spent in this place.
 C = Inter-level travel time spent in this place.
 D = Time resting spent in this place.
 E = Time spent auto-exploring this place.
 F = Levels seen in this place.
 G = Mean time per level.
                   A        B        C        D        E       F      G
               +--------+--------+--------+--------+--------+-----+--------+
         Total |    104 |    104 |      0 |      0 |     80 |   2 |   52.0 |
       Dungeon |    104 |    104 |      0 |      0 |     80 |   2 |   52.0 |
               +--------+--------+--------+--------+--------+-----+--------+

Top non-repeatable levels by time:
     D:1: 85 daAuts
     D:2: 18 daAuts
